 Dungeon Crawl Stone Soup version 0.30-a0-297-g0ec75d9ef4 (webtiles) character file.

Game seed: 14077211166564877593

185 Jackthecabe the Slasher (level 5, -1/57 HPs)
             Began as a Merfolk Gladiator on Oct 18, 2022.
             Frozen to death by an endoplasm (5 damage)
             ... on level 3 of the Dungeon.
             The game lasted 00:04:24 (2062 turns).

Jackthecabe the Slasher (Merfolk Gladiator)         Turns: 2062, Time: 00:04:25

Health: -1/57      AC: 10    Str: 12 (14) XL:     5   Next: 64%
Magic:  5/5        EV:  2    Int: 10 (13) God:
Gold:   48         SH:  0    Dex: 15 (18) Spells: 4/4 levels left

rFire   . . .      SeeInvis .    t - +2 falchion (freeze)
rCold   . . .      Faith    .    (no shield)
rNeg    . . .      Spirit   .    (body armour currently unavailable)
rPois   +          Reflect  .    (helmet currently unavailable)
rElec   .          Harm     .    (cloak currently unavailable)
rCorr   .          Rampage  .    (gloves currently unavailable)
Will    .....      NoTele   +    (boots currently unavailable)
Stlth   +.........               (no amulet)
HPRegen 0.29/turn                T - +4 ring of protection
MPRegen 0.09/turn                I - +6 ring of intelligence

@: tree-form, corroded, invisible
A: stationary, stasis, torment immunity, boosted hp, (nimble swimmer 2),
(mertail)
a: no special abilities


You were on level 3 of the Dungeon.
You were a tree.
You visited 1 branch of the dungeon, and saw 3 of its levels.

You collected 118 gold pieces.
You spent 70 gold pieces at shops.


Innate Abilities, Weirdness & Mutations

You are a tree.
Your roots penetrate the ground, keeping you stationary.
You cannot be teleported.
You are immune to unholy pain and torment.
Your maximum health is greatly increased.
Your equipment is partially melded.
((You are very nimble when in or above water. (Stealth+, EV+, Speed+++)))
((Your lower body shifts to a powerful aquatic tail in water.))


   Skills:
 - Level 2.1 Fighting
 + Level 7.4 Long Blades
 - Level 2.0 Throwing
 - Level 4.0 Dodging


You had 4 spell levels left.
You didn't know any spells.
Your spell library contained the following spells:

 Spells                   Type           Power      Damage    Failure   Level
 Gell's Gravitas          Tloc           0%         N/A       75%         3
 Lesser Beckoning         Tloc           0%         N/A       75%         3
 Ozocubu's Armour         Ice            0%         N/A       75%         3
 Teleport Other           Tloc           0%         N/A       75%         3
 Metabolic Englaciation   Hex/Ice        0%         N/A       100%        5
 Simulacrum               Ice/Necr       0%         N/A       100%        6

Inventory:

Hand Weapons
 a - a +0 long sword
 t - a +2 falchion of freezing (weapon)
Missiles
 d - 4 throwing nets (quivered) {=f}
 e - a javelin
Armour
 b - a +0 leather armour (melded)
 c - a +0 helmet (melded)
 r - a +2 pair of gloves (melded)
Jewellery
 v - a ring of see invisible
 I - a +6 ring of intelligence (right branch)
 L - a ring of flight
 T - a +4 ring of protection (left branch)
Wands
 l - a wand of charming (10)
Scrolls
 f - a scroll of fog {unknown}
 g - a scroll of immolation {unknown}
 h - 3 scrolls of teleportation {@r2}
 j - a scroll of noise {unknown}
 m - a scroll of identify {@r1}
 n - a scroll of vulnerability {unknown}
 o - 2 scrolls of amnesia {unknown}
 p - a scroll of silence {unknown}
 q - a scroll of blinking {unknown}
Potions
 i - a potion of lignification

Dungeon Overview and Level Annotations

Branches:
Dungeon (3/15)

Altars:
Trog

Shops:
D:2

? #........# #...... #..##.####
##>.... #.##### ##.### # ###
#########.# #.
##########.÷....##.#
#.#####......##JJ.÷P..##'##
#...##.......#J#......##..##
####.'...)...)#J#JJ...P##...# #
##....'.....[♣.#J#.J..÷.##....
####(..#.'......#J#J#P.....##....
'..).....##.....#.#.#...÷..##....
####...#####....#.#.#P....P##....
# ##.### #######.##.÷...!##....
###.. ### ############...# #.#
#.######### #..## #.# #.........#
#'## #.. #..###.##.##.# #<#


You could see an endoplasm.


Message History

You hit the endoplasm but do no damage.
The endoplasm is severely wounded.
The endoplasm hits you.
* * * LOW HITPOINT WARNING * * *
You hit the endoplasm. You freeze the endoplasm.
You kill the endoplasm!
You hit the endoplasm. You freeze the endoplasm.
The endoplasm is almost dead.
The endoplasm hits you.
* * * LOW HITPOINT WARNING * * *
You hit the endoplasm but do no damage.
The endoplasm is almost dead.
The endoplasm freezes you.
* * * LOW HITPOINT WARNING * * *
You hit the endoplasm. You freeze the endoplasm.
You kill the endoplasm!
You hit the endoplasm but do no damage. You hit the endoplasm.
You freeze the endoplasm.
The endoplasm is severely wounded.
The endoplasm freezes you.
* * * LOW HITPOINT WARNING * * *
You hit the endoplasm but do no damage.
The endoplasm is severely wounded.
The endoplasm freezes you.
* * * LOW HITPOINT WARNING * * *
You hit the endoplasm but do no damage.
You punch the endoplasm, but do no damage.
The endoplasm is severely wounded.
The endoplasm freezes you.
You die...

Skill      XL: |  1  2  3  4  5 |
---------------+----------------+-----
Long Blades    | 4 5 6 7 |  7.4
Fighting       | |  2.1
Throwing       | |  2.0
Dodging        | |  4.0

Action                   |  1- 3 |  4- 6 || total
-------------------------+-------+-------++-------
Melee: Long sword        |   104 |    16 ||   120
       Falchion          |       |    50 ||    50
       Punch             |       |     1 ||     1
Throw: Throwing net      |       |     1 ||     1
  Use: Potion            |       |     4 ||     4
 Stab: Sleeping          |     1 |       ||     1
Armor: Leather armour    |    36 |    13 ||    49
       Skin              |       |     7 ||     7
Dodge: Dodged            |    71 |    31 ||   102

Levels and vault maps discovered:
D:1:      reono_arrival_forest_river, layout_loops_ring, amethyst_killhole
D:2:      layout_loops_ring, serial_shops, shop_statue
D:3:      cheibrodos_fertilizer, layout_loops_corners,
          mainiacjoe_overflow_24_doors, serial_shops, nicolae_diamond_shop

Notes
Turn   | Place    | Note
-------+----------+-------------------------------------------
     0 | D:1      | Jackthecabe the Merfolk Gladiator began the quest for the
                  | Orb.
     0 | D:1      | Reached XP level 1. HP: 16/16 MP: 1/1
    61 | D:1      | Reached skill level 4 in Long Blades
    87 | D:1      | Reached XP level 2. HP: 19/22 MP: 2/2
   726 | D:2      | Reached skill level 5 in Long Blades
   726 | D:2      | Reached XP level 3. HP: 24/27 MP: 3/3
   948 | D:2      | Found Asiqashu's Magic Scroll Boutique.
   955 | D:2      | Bought a scroll of identify for 28 gold pieces
   955 | D:2      | Bought a scroll of teleportation for 42 gold pieces
  1027 | D:2      | Identified a +2 robe of the Archmagi
  1194 | D:2      | Reached XP level 4. HP: 19/33 MP: 4/4
  1196 | D:2      | Reached skill level 6 in Long Blades
  1534 | D:3      | Found a bloodstained altar of Trog.
  2007 | D:3      | Reached XP level 5. HP: 38/38 MP: 5/5
  2023 | D:3      | Reached skill level 7 in Long Blades
  2061 | D:3      | HP: 4/57 [frozen (4)]
  2062 | D:3      | Frozen to death by an endoplasm

Vanquished Creatures
  2 jellies (D:3)
  An iguana (D:3)
  4 gnolls
  A worm (D:2)
  An orc (D:3)
  4 bats
  9 endoplasms
  2 giant cockroaches
  4 hobgoblins
  3 quokkas
  A ball python (D:1)
  2 frilled lizards (D:1)
  3 goblins
  15 kobolds
  4 rats
56 creatures vanquished.

Vanquished Creatures (others)
  4 fungi (D:3)
  10 toadstools (D:3)
14 creatures vanquished.

Grand Total: 70 creatures vanquished

Table legend: (Time is in decaauts)
 A = Elapsed time spent in this place.
 B = Non-inter-level travel time spent in this place.
 C = Inter-level travel time spent in this place.
 D = Time resting spent in this place.
 E = Time spent auto-exploring this place.
 F = Levels seen in this place.
 G = Mean time per level.
                   A        B        C        D        E       F      G
               +--------+--------+--------+--------+--------+-----+--------+
         Total |   2064 |   2027 |     37 |    153 |   1418 |   3 |  688.0 |
       Dungeon |   2064 |   2027 |     37 |    153 |   1418 |   3 |  688.0 |
               +--------+--------+--------+--------+--------+-----+--------+

Top non-repeatable levels by time:
     D:3: 699 daAuts
     D:1: 688 daAuts
     D:2: 676 daAuts

Table legend:
 A = Non-vault XP
 B = Vault XP
 C = Vault XP percentage of total XP
 D = Non-vault monster count
 E = Vault monster count
 F = Vault count percentage of total count
                 A         B        C        D         E       F
            +---------+---------+-------+---------+---------+-------
      Total |     156 |     109 |  41.1 |      43 |      13 |  23.2
            +---------+---------+-------+---------+---------+-------
        D:1 |      46 |       0 |   0.0 |      23 |       0 |   0.0
        D:2 |      64 |       0 |   0.0 |      15 |       0 |   0.0
        D:3 |      46 |     109 |  70.3 |       5 |      13 |  72.2
            +---------+---------+-------+---------+---------+-------
